AoeStats
← Bzm_Kuvâ-yi Milliye

Arena

505487371Analyzed
4v4 RM · 22d ago on Sep 9, 2026· 60m 32s· 8 players
Game mode
Random Map
Map size
Large (8 player)
Population
200
Speed
Normal
Resources
Standard
Victory
Conquest
Starting age
Dark Age
Ending age
Imperial Age
RankedLock teamsTeams togetherTeam positionsShared explorationLock speedFull tech treeHidden civsTurbo modeCheats
Victory
Defeat
🇹🇼 Franks · Taiwan
1505
+19
🇮🇳 Bohemians · India
1488
+20
🇿🇦 Cumans · South Africa
1464
+21
🇮🇹 Bulgarians · Italy
1461
+21
🇹🇷 Turks · Türkiye
1643
-24
🇹🇷 Italians · Türkiye
1625
-22
🇹🇷 Persians · Türkiye
1537
-19
🇹🇷 Cumans · Türkiye
1459
-16
RockAxe4356
10:15 Feudal Age
14:14 Castle Age
12:34 Double-Bit Axe
15:19 Bow Saw
14:54 Horse Collar
16:00 Heavy Plow
17:26 Fervor
20:37 Loom
21:28 Wheelbarrow
26:36 Imperial Age
25:01 Hand Cart
26:23 Chemistry
25:25 Fletching
25:36 Padded Archer Armor
26:32 Bodkin Arrow
26:53 Leather Archer Armor
26:56 Town Watch
26:53 Crossbowman
28:34 Bracer
29:52 Conscription
30:46 Ballistics
30:38 Arbalester
32:24 Ring Archer Armor
33:59 Masonry
37:00 Elite Skirmisher
41:23 Architecture
46:15 Town Patrol
46:51 Fortified Wall
46:50 Siege Engineers
50:43 Pikeman
51:10 Arson
52:01 Squires
51:51 Halberdier
53:28 Town Patrol
53:49 Fortified Wall
53:20 Treadmill Crane
54:33 Houfnice
55:55 Scale Mail Armor
56:05 Forging
56:49 Chain Mail Armor
60:12 Guilds
60:42 Caravan
Miru
10:58 Feudal Age
14:54 Castle Age
12:53 Double-Bit Axe
14:54 Wheelbarrow
15:55 Bow Saw
19:51 Loom
21:13 Loom
23:35 Gold Mining
23:54 Stone Mining
28:48 Imperial Age
26:38 Scale Barding Armor
26:46 Forging
27:20 Chain Barding Armor
27:47 Husbandry
28:24 Iron Casting
28:51 Cavalier
29:58 Conscription
31:43 Plate Barding Armor
31:25 Paladin
36:29 Blast Furnace
36:40 Fletching
37:02 Masonry
36:51 Light Cavalry
38:33 Bodkin Arrow
38:59 Ballistics
40:36 Chemistry
39:42 Squires
40:32 Architecture
40:39 Hoardings
40:38 Pikeman
41:04 Gambesons
41:04 Arson
41:20 Scale Mail Armor
42:21 Halberdier
43:18 Chain Mail Armor
43:46 Caravan
45:28 Plate Mail Armor
46:05 Siege Engineers
46:53 Heavy Scorpion
Nduku
8:30 Feudal Age
9:17 Horse Collar
9:29 Double-Bit Axe
13:49 Loom
23:13 Castle Age
21:52 Wheelbarrow
21:04 Town Watch
21:12 Gold Mining
21:12 Stone Mining
21:45 Fletching
22:21 Padded Archer Armor
22:37 Bloodlines
24:21 Hand Cart
25:31 Bodkin Arrow
26:54 Bow Saw
27:08 Ballistics
28:41 Thumb Ring
34:39 Imperial Age
34:55 Elite Kipchak
36:11 Hoardings
37:01 Chemistry
45:28 Conscription
46:36 Leather Archer Armor
46:52 Steppe Husbandry
47:01 Scale Barding Armor
47:06 Forging
46:36 Light Cavalry
48:11 Chain Barding Armor
48:27 Iron Casting
47:16 Hussar
52:55 Plate Barding Armor
53:20 Blast Furnace
54:50 Blast Furnace
Ser_0
10:44 Feudal Age
14:37 Castle Age
13:35 Horse Collar
13:46 Double-Bit Axe
14:44 Horse Collar
15:11 Loom
17:02 Fletching
17:47 Bow Saw
22:38 Gold Mining
23:16 Bodkin Arrow
29:31 Wheelbarrow
28:41 Town Watch
31:58 Stone Mining
34:48 Scale Barding Armor
35:53 Hand Cart
38:25 Imperial Age
37:15 Chain Barding Armor
37:05 Forging
37:48 Gold Shaft Mining
37:55 Scale Mail Armor
38:51 Iron Casting
38:54 Murder Holes
39:10 Masonry
38:33 Elite Konnik
40:07 Bracer
40:42 Plate Barding Armor
41:48 Blast Furnace
41:04 Chain Mail Armor
40:19 Elite Konnik
40:59 Stirrups
41:26 Conscription
41:52 Elite Konnik
44:17 Coinage
47:59 Architecture
48:37 Banking
49:54 Plate Mail Armor
49:58 Husbandry
50:08 Bloodlines
51:31 Squires
51:48 Light Cavalry
57:45 Arson
59:05 Hussar
60:35 Caravan
WarPrince
10:00 Feudal Age
13:44 Castle Age
11:59 Double-Bit Axe
12:19 Horse Collar
14:55 Bow Saw
17:04 Loom
19:24 Fletching
27:20 Wheelbarrow
29:28 Hand Cart
29:52 Town Watch
33:34 Imperial Age
34:06 Imperial Age
32:25 Sipahi
31:59 Gold Mining
32:01 Stone Mining
33:35 Padded Archer Armor
34:35 Gold Shaft Mining
34:04 Heavy Plow
35:18 Artillery
35:44 Bodkin Arrow
36:32 Bloodlines
37:47 Two-Man Saw
39:19 Husbandry
39:27 Scale Barding Armor
39:46 Conscription
38:54 Elite Janissary
40:09 Forging
41:02 Chain Barding Armor
40:43 Bracer
42:04 Iron Casting
44:05 Plate Barding Armor
45:21 Blast Furnace
45:17 Leather Archer Armor
Bzm_Castle
10:05 Feudal Age
13:56 Castle Age
12:13 Horse Collar
12:44 Double-Bit Axe
16:13 Wheelbarrow
21:59 Hand Cart
22:07 Hand Cart
22:17 Town Watch
23:33 Gold Mining
23:33 Stone Mining
23:55 Bow Saw
24:03 Heavy Plow
25:41 Gold Shaft Mining
25:44 Stone Shaft Mining
25:01 Loom
29:46 Imperial Age
27:27 Forging
27:24 Scale Barding Armor
29:19 Iron Casting
28:57 Bloodlines
28:47 Husbandry
30:07 Cavalier
31:08 Chain Barding Armor
31:49 Blast Furnace
32:56 Savar
36:37 Plate Barding Armor
38:15 Light Cavalry
47:12 Hussar
50:41 Fletching
51:36 Coinage
53:05 Crossbowman
53:50 Thumb Ring
53:43 Bodkin Arrow
53:48 Padded Archer Armor
54:11 Ballistics
54:10 Caravan
55:13 Padded Archer Armor
57:16 Chemistry
56:32 Leather Archer Armor
58:17 Conscription
58:35 Kamandaran
59:23 Ring Archer Armor
60:04 Two-Man Saw
59:35 Crop Rotation
Bzm_Kuvâ-yi Milliye
9:15 Feudal Age
13:34 Castle Age
11:24 Double-Bit Axe
11:19 Horse Collar
12:08 Horse Collar
14:40 Bow Saw
18:57 Wheelbarrow
20:29 Town Watch
21:05 Hand Cart
23:02 Gold Mining
24:00 Stone Mining
28:43 Imperial Age
27:01 Ballistics
26:32 Fletching
27:35 Bodkin Arrow
27:40 Padded Archer Armor
28:54 Stone Shaft Mining
28:20 Heavy Plow
29:29 Bracer
31:11 Chemistry
30:28 Leather Archer Armor
30:41 Conscription
33:15 Guilds
33:14 Thumb Ring
34:10 Loom
35:30 Two-Man Saw
35:36 Elite Genoese Crossbowman
37:51 Murder Holes
39:15 Ring Archer Armor
38:55 Forging
38:51 Scale Barding Armor
38:27 Treadmill Crane
40:31 Capped Ram
41:47 Iron Casting
41:45 Crop Rotation
41:16 Town Patrol
42:57 Hoardings
42:43 Silk Road
42:36 Masonry
42:47 Chain Barding Armor
42:53 Chain Barding Armor
44:32 Plate Barding Armor
44:57 Blast Furnace
44:44 Architecture
45:06 Light Cavalry
45:56 Bloodlines
45:47 Husbandry
46:04 Hussar
50:06 Coinage
52:38 Banking
54:41 Squires
54:27 Arson
54:42 Scale Mail Armor
55:40 Chain Mail Armor
56:55 Plate Mail Armor
Bzm_JöNTüRK
9:17 Feudal Age
11:46 Double-Bit Axe
11:42 Horse Collar
19:41 Castle Age
18:25 Bloodlines
18:57 Scale Barding Armor
20:04 Forging
21:03 Chain Barding Armor
25:05 Capped Ram
33:06 Iron Casting
34:25 Bow Saw
43:08 Loom
51:18 Imperial Age
50:52 Light Cavalry
52:51 Plate Barding Armor
53:19 Blast Furnace
51:48 Hussar
Connection lost

Rejoining the realm…

Still unreachable

The connection could not be restored.

Session expired

The server has moved on; the page needs a fresh start.